 Dungeon Crawl Stone Soup version 0.31.0-9-g3a7656b989 (webtiles) character file.

Game seed: 14825358238963179751

91359 Jannitor the Carver (level 15, -26/96 HPs)
             Began as a Deep Elf Gladiator on Jan 26, 2024.
             Was an Initiate of Gozag.
             Shot with a bolt by a naga sharpshooter (29 damage)
             ... on level 3 of the Snake Pit.
             The game lasted 02:20:46 (51469 turns).

Jannitor the Carver (Deep Elf Gladiator)           Turns: 51469, Time: 02:20:46

Health: -26/96     AC:  9    Str: 13    XL:     15   Next: 54%
Magic:  31/31      EV: 12    Int: 25    God:    Gozag
Gold:   1145       SH: 16    Dex: 16    Spells: 1/34 levels left

rFire   + . .        i - +6 scimitar (flame)
rCold   . . .        A - +0 kite shield
rNeg    . . .        E - +1 leather armour {Will+}
rPois   +            c - +0 helmet
rElec   +            m - +0 cloak
rCorr   .            (no gloves)
SInv    .            (no boots)
Will    ++...        M - amulet "Zam Ypte" {Reflect Rampage rElec rPois rF+ SH+5}
Stlth   ++           R - ring of the Mage {Wiz Archmagi}
HPRegen 0.36/turn    y - +6 ring of intelligence
MPRegen 0.22/turn

%: reflection, rampage, wizardry (x1), archmagi
@: gold aura, constricted
A: iridescent scales 1
a: Renounce Religion, Potion Petition, Call Merchant, Bribe Branch


You were on level 3 of the Snake Pit.
You worshipped Gozag.
Gozag was most pleased with you.
You visited 4 branches of the dungeon, and saw 25 of its levels.

You collected 9156 gold pieces.
You spent 1824 gold pieces at shops.
You paid 6187 gold pieces to Gozag.

Inventory:

Hand Weapons
 i - a +6 scimitar of flaming (weapon)
Missiles
 l - 15 javelins
 n - 41 poisoned darts
 D - 3 throwing nets
Armour
 c - a +0 helmet (worn)
 m - a +0 cloak (worn)
 x - a +1 ring mail of positive energy
 A - a +0 kite shield (worn)
 E - a +1 leather armour of willpower (worn)
Magical Staves
 L - a staff of air
Jewellery
 g - a ring of protection from cold
 h - a ring of flight
 q - a ring of willpower
 u - a ring of fire
 v - a ring of willpower
 y - a +6 ring of intelligence (right hand)
 z - a ring of resist corrosion
 M - the amulet "Zam Ypte" (around neck) {Reflect Rampage rElec rPois rF+ SH+5}
   (You bought it in a shop on level 10 of the Dungeon)

   [amulet of reflection]

   Reflect:   It reflects blocked missile attacks.
   rF+:       It protects you from fire.
   rElec:     It insulates you from electricity.
   rPois:     It protects you from poison SH+5: It affects your SH (+5).
   Rampage:   It bestows one free step when moving towards enemies.
 N - an amulet of reflection
 R - the ring of the Mage (left hand) {Wiz Archmagi}
   (You bought it in a shop on level 9 of the Dungeon)

   [ring of wizardry]

   Wiz:       It improves your spell success rate.
   Archmagi:  It increases the power of your magical spells.
 T - a +6 ring of strength
 U - a ring of magical power
 W - a ring of magical power
Wands
 a - a wand of mindburst (4)
 b - a wand of iceblast (5)
 B - a wand of quicksilver (2)
 P - a wand of flame (17)
Scrolls
 d - 2 scrolls of torment {unknown}
 e - 3 scrolls of fog
 f - 3 scrolls of teleportation
 k - a scroll of fear {unknown}
 o - 3 scrolls of amnesia
 s - 3 scrolls of vulnerability
 w - 5 scrolls of immolation
 F - 2 scrolls of brand weapon
 G - 2 scrolls of enchant armour {unknown}
 J - a scroll of silence
 K - a scroll of noise
 Q - 3 scrolls of identify
 V - a scroll of enchant weapon
Potions
 j - 2 potions of brilliance
 p - 4 potions of resistance
 r - 2 potions of heal wounds
 t - a potion of mutation
 C - 4 potions of enlightenment
 H - a potion of magic
 I - a potion of haste
 O - 2 potions of berserk rage
 S - a potion of curing


   Skills:
 * Level 11.7 Fighting
 - Level 4.6(9.8) Short Blades
 * Level 12.2(12.5) Long Blades
 - Level 3.1 Throwing
 - Level 4.5 Armour
 - Level 9.0 Dodging
 - Level 3.1 Stealth
 * Level 8.2 Shields
 + Level 10.0 Spellcasting
 + Level 8.9 Conjurations
 - Level 5.3 Summonings
 - Level 4.7 Translocations
 - Level 1.9 Ice Magic
 * Level 9.2 Air Magic
 - Level 1.5 Evocations


You had one spell level left.
You knew the following spells:

 Your Spells              Type           Power      Damage    Failure   Level
a - Airstrike             Air            36%        2d(6-22)  1%          4
b - Blink                 Tloc           100%       N/A       1%          2
c - Call Imp              Summ           100%       N/A       1%          2
d - Swiftness             Air            73%        N/A       1%          3
e - Frozen Ramparts       Ice            66%        1d10      9%          3
f - Vhi's Electric Charg  Tloc/Air       100%       N/A       4%          4
g - Arcjolt               Conj/Air       36%        1d46      4%          5
h - Foxfire               Conj/Fire      100%       2x1d9     1%          1
i - Call Canine Familiar  Summ           56%        N/A       2%          3
j - Magic Dart            Conj           100%       1d8       1%          1
k - Freezing Cloud        Conj/Ice/Air   31%        6-21      12%         5

Your spell library contained the following spells:

 Spells                   Type           Power      Damage    Failure   Level
 Shock                    Conj/Air       100%       1d9       1%          1
 Summon Small Mammal      Summ           100%       N/A       1%          1
 Freeze                   Ice            100%       1d10      3%          1
 Sandblast                Erth           36%        2d10      7%          1
 Mercury Vapours          Alch/Air       100%       N/A       1%          2
 Mephitic Cloud           Conj/Alch/Air  59%        N/A       1%          3
 Cigotuvi's Dreadful Rot  Necr/Alch/Air  84%        N/A       2%          2
 Hailstorm                Conj/Ice       56%        3d11      2%          3
 Stone Arrow              Conj/Erth      100%       3d13      3%          3
 Ensorcelled Hibernation  Hex/Ice        52%        N/A       7%          2
 Brom's Barrelling Bould  Conj/Erth      51%        2d7       11%         4
 Passwall                 Erth           18%        N/A       21%         3
 Summon Blazeheart Golem  Fire/Summ      39%        N/A       22%         4
 Ignite Poison            Fire/Alch      18%        N/A       52%         4
 Plasma Beam              Fire/Air       26%        2x1d38    80%         6
 Starburst                Conj/Fire      25%        6d8       82%         6
 Sculpt Simulacrum        Ice/Alch       13%        N/A       99%         6
 Ozocubu's Refrigeration  Ice            16%        4d11      100%        7
 Polar Vortex             Ice            16%        12d2*     100%        9


Dungeon Overview and Level Annotations

Branches:
Dungeon (15/15)            Temple (0/1) D:5            Lair (5/5) D:8
 Shoals (0/4) Lair:2        Snake (3/4) Lair:2        Slime (0/5) Lair:4
    Orc (2/2) D:12         Vaults (0/5) D:14         Depths (0/4) D:15
    Elf: Orc:2

Altars:
Dithmenos
Gozag
Hepliaklqana
Okawaru
Qazlal
Ru
Sif Muna
Xom
Yredelemnul
Jiyva
Lugonu

Shops:
D:5 ([   D:9 =*   D:10 *   D:13 (

Portals:
Abyss: D:9

Annotations:
D:10 exclusion: vampire
D:11 exclusion: shadow
D:12 1 runed translucent door, Uvvog's ghost, journeyman GnNe
D:15 1 transporter, Nessos
Lair:4 exclusion: 3 oklob plants
Snake:1 exclusion: downstairs, Aizul
Snake:3 exclusion: upstairs
Orc:2 Saint Roka


Innate Abilities, Weirdness & Mutations

You are partially covered in iridescent scales. (AC +2)


Message History

You block the shock serpent's attack.
The nagaraja is engulfed in freezing vapours.
The anaconda bites you. The anaconda constricts you.
The naga sharpshooter is engulfed in freezing vapours.
The anaconda bites you.
A naga comes into view. It is wielding a +0 war axe.
You block the anaconda's attack. The shock serpent bites you!
The shock serpent shocks you. You resist. You block the shock serpent's attack.
The naga sharpshooter shoots a bolt.
The bolt hits you!
* * * LOW HITPOINT WARNING * * *
Unknown command.
Unknown command. [a] - 378 gold - haste and brilliance [b] - 660 gold - heal wounds, magic, lignification, might and resistance [c] - 352 gold - heal wounds, curing and magic Purchase which effect?
You no longer have enough gold to fund merchants seeking to open stores in the dungeon.
You feel much better.
You feel better. Magic courses through your body. The anaconda bites you!
The anaconda constricts you.
The anaconda is distracted by your dazzling golden aura.
The anaconda bites you!
* * * LOW HITPOINT WARNING * * *
The nagaraja hits you from afar with a +0 spear!!
* * * LOW HITPOINT WARNING * * *
You block the anaconda's attack. The anaconda constricts you.
* * * LOW HITPOINT WARNING * * *
You block the shock serpent's attack.
The naga sharpshooter is engulfed in freezing vapours.
A naga sharpshooter comes into view. It is wielding a +0 short sword.
The anaconda is distracted by your dazzling golden aura.
You block the shock serpent's attack.
The nagaraja gestures at you while chanting.
The poison arrow misses you.
The poison arrow hits the anaconda!!!
The anaconda looks as sick as possible!
The anaconda dies!
The naga sharpshooter casts a spell.
The naga sharpshooter magically shoots a bolt.
The bolt hits you!!
You die...
Your body crumbles into a pile of gold.

........ #...
....... N...
#.....# §§§..
.##.NN..##☼§§..
.....~<...§§§..
...<~~$N.NN....
...~~8SS$......
...N~~S@S......
.N..>~$SN......
.##..§§§##..#..
#..§§.# .#
..N.§§§. #
#........
##.......
#####..N.


You could see a nagaraja (fast), 3 naga sharpshooters, a salamander, 2
anacondas, a naga ritualist, 2 shock serpents, a black mamba and 5 nagas.

Vanquished Creatures
  2 nagarajas (Snake:2)
  A rakshasa (D:13)
  A catoblepas (Lair:5)
  Erica (Orc:1)
  The ghost of Valeaz the Thaumaturge, a journeyman GnAE of Sif Muna (D:9)
  8 hydras
  2 anacondas
  3 two-headed ogres
  4 boulder beetles
  5 death yaks (Lair:5)
  A centaur warrior (D:13)
  3 naga warriors
  2 shock serpents (Snake:2)
  A hell hog (Lair:5)
  2 naga sharpshooters (Snake:2)
  The ghost of Amplified the Protected, a novice AtAE of Makhleb (D:7)
  A salamander mystic (Snake:2)
  A skyshark (Lair:3)
  A glowing orange brain (D:12)
  A naga ritualist (Snake:2)
  3 mana vipers
  A lindwurm (Lair:5)
  A wolf spider (Lair:5)
  3 ugly things
  3 meliai
  A manticore (Lair:5)
  6 salamanders
  13 elephants
  A guardian serpent (Snake:2)
  An unseen horror (shapeshifter) (D:13)
  4 naga magi
  21 black mambas
  15 cane toads
  A gargoyle (D:10)
  An unseen horror (D:9)
  6 rime drakes
  5 komodo dragons
  6 kobold demonologists
  A troll (D:13)
  11 polar bears
  2 raiju (Lair:5)
  Grinder (D:5)
  8 blink frogs
  3 slime creatures (D:15)
  A shadow (D:9)
  5 wyverns
  7 wraiths
  A human (D:11)
  37 yaks
  6 basilisks
  6 wargs
  A steam dragon (Lair:3)
  13 vampire mosquitoes
  21 nagas
  7 acid dragons
  11 water moccasins
  13 hell hounds
  13 orc warriors
  2 ice beasts
  13 black bears
  2 ogres
  8 centaurs
  18 wolves
  4 kobold brigands
  A gnoll sergeant (D:7)
  7 bullfrogs
  3 scorpions (D:6)
  5 wights (D:6)
  6 killer bees
  An electric eel (Lair:5)
  7 howler monkeys
  A bombardier beetle (D:5)
  A gnoll bouda (D:9)
  6 orc priests
  2 hounds (D:4)
  3 iguanas
  2 sleepcaps
  11 orc wizards
  Natasha (thrice) (D:3)
  9 adders
  11 gnolls
  A shadow imp (D:5)
  2 dart slugs
  A ribbon worm (D:5)
  37 orcs
  9 endoplasms
  3 giant cockroaches
  8 goblins
  7 hobgoblins
  10 jackals
  12 kobolds
  5 quokkas
  10 ball pythons
  5 bats
  3 frilled lizards
  6 rats
  A lurking horror (D:9)
548 creatures vanquished.

Vanquished Creatures (collateral kills)
  2 hydras
  A catoblepas (Lair:5)
  A death yak (Lair:4)
  A cyclops (D:13)
  An elephant (Lair:5)
  A manticore (Lair:5)
  2 cane toads
  An efreet (D:13)
  A komodo dragon (Lair:2)
  2 trolls
  3 polar bears (Lair:5)
  8 yaks
  A wyvern (D:11)
  A basilisk (Lair:1)
  2 vampire mosquitoes (D:13)
  2 hell hounds (Lair:5)
  2 water moccasins
  An orc warrior (Orc:1)
  3 black bears
  An ogre (D:6)
  A wolf (Lair:4)
  2 bullfrogs
  2 scorpions (D:8)
  An orc priest (D:5)
  2 orc wizards
  2 gnolls (D:6)
  4 orcs
  4 kobolds
  A butterfly (Lair:5)
  8 foxfires
64 creatures vanquished.

Vanquished Creatures (others)
  An anaconda (Snake:3)
  A black bear (D:8)
  A wolf (Lair:5)
  A gnoll sergeant (D:6)
  An iguana (D:5)
  An orc (D:4)
  213 foxfires
219 creatures vanquished.

Grand Total: 831 creatures vanquished

Notes
Turn   | Place    | Note
-------+----------+-------------------------------------------
     0 | D:1      | Jannitor the Deep Elf Gladiator began the quest for the
                  | Orb.
     0 | D:1      | Reached XP level 1. HP: 12/12 MP: 3/3
   281 | D:1      | Reached XP level 2. HP: 17/17 MP: 4/4
   324 | D:2      | Reached skill level 1 in Stealth
   804 | D:1      | Reached XP level 3. HP: 21/21 MP: 5/5
  1618 | D:1      | Reached XP level 4. HP: 25/26 MP: 6/6
  1670 | D:2      | Found a faded altar of an unknown god.
  2510 | D:3      | Found a basalt altar of Yredelemnul.
  2786 | D:3      | Identified the +6 spear "Cammofal" {vamp, Str-4 Int+4
                  | Dex+4}
  2940 | D:3      | Noticed Natasha
  2964 | D:3      | Killed Natasha
  2965 | D:3      | Reached XP level 5. HP: 20/30 MP: 7/7
  3603 | D:4      | Reached skill level 1 in Evocations
  3630 | D:3      | Reached skill level 1 in Armour
  3846 | D:4      | Reached XP level 6. HP: 16/36 MP: 8/8
  3981 | D:4      | Found an opulent altar of Gozag.
  3996 | D:4      | Became a worshipper of Gozag Ym Sagoz the Greedy
  4419 | D:4      | Learned a level 1 spell: Magic Dart
  4422 | D:4      | Learned a level 2 spell: Blink
  4425 | D:4      | Learned a level 2 spell: Call Imp
  4483 | D:4      | Reached skill level 1 in Spellcasting
  4681 | D:4      | Reached skill level 5 in Dodging
  4857 | D:5      | Entered Level 5 of the Dungeon
  4863 | D:5      | Noticed Grinder
  5181 | D:3      | Noticed Natasha
  5427 | D:3      | Identified a scroll of acquirement
  5428 | D:3      | Acquired 1257 gold pieces
  5523 | D:5      | Found a staircase to the Ecumenical Temple.
  5556 | D:5      | Found a shimmering altar of Xom.
  5557 | D:5      | Found a hazy altar of Hepliaklqana.
  5557 | D:5      | Noticed a will-o-the-wisp
  5558 | D:5      | Noticed a spectral ugly thing
  5558 | D:5      | Noticed a will-o-the-wisp
  5845 | D:5      | Reached skill level 1 in Conjurations
  5845 | D:5      | Reached skill level 1 in Summonings
  6061 | D:5      | Paralysed by Grinder for 4 turns
  6082 | D:5      | Killed Grinder
  6083 | D:5      | Reached XP level 7. HP: 35/41 MP: 6/13
  6088 | D:5      | Found an iron altar of Okawaru.
  6415 | D:5      | Found a stormy altar of Qazlal.
  6524 | D:5      | Found a shadowy altar of Dithmenos.
  7540 | D:5      | Bought a +1 leather armour of poison resistance for 110
                  | gold pieces
  7552 | D:5      | Bought a glowing scimitar for 203 gold pieces
  7873 | D:6      | Reached XP level 8. HP: 46/46 MP: 13/16
  8090 | D:6      | Reached skill level 1 in Long Blades
  8206 | D:6      | Reached skill level 5 in Spellcasting
  8529 | D:5      | Reached skill level 2 in Long Blades
  9221 | D:7      | Reached skill level 1 in Translocations
  9382 | D:7      | Reached skill level 3 in Long Blades
  9863 | D:6      | Reached XP level 9. HP: 52/52 MP: 9/19
 10348 | D:7      | Found a runed translucent door.
 10378 | D:7      | Noticed a cyan ugly thing
 10441 | D:8      | Found a staircase to the Lair.
 10544 | D:8      | Found a sacrificial altar of Ru.
 10641 | D:8      | Reached skill level 4 in Long Blades
 10816 | D:8      | Reached skill level 5 in Fighting
 11305 | D:8      | Found a shimmering blue altar of Sif Muna.
 11537 | Lair:1   | Entered Level 1 of the Lair of Beasts
 11544 | Lair:1   | Reached XP level 10. HP: 56/59 MP: 18/20
 11547 | Lair:1   | Reached skill level 5 in Long Blades
 11547 | Lair:1   | Reached skill level 5 in Conjurations
 11793 | Lair:1   | Noticed a black mamba
 11804 | Lair:1   | Killed a black mamba
 11805 | Lair:1   | Reached skill level 5 in Summonings
 12292 | Lair:1   | Noticed a black mamba
 12308 | Lair:1   | Killed a black mamba
 12321 | Lair:1   | HP: 3/90 [yak (9)]
 12322 | Lair:1   | Gained mutation: You are partially covered in iridescent
                  | scales. (AC +2) [potion of mutation]
 12322 | Lair:1   | Gained mutation: You occasionally shout uncontrollably at
                  | your foes. [potion of mutation]
 12322 | Lair:1   | Lost mutation: You occasionally shout uncontrollably at
                  | your foes. [potion of mutation]
 12948 | Lair:1   | Noticed a five-headed hydra
 13124 | Lair:1   | Noticed a cane toad
 13231 | Lair:1   | Reached skill level 6 in Long Blades
 13543 | D:10     | Entered Level 10 of the Dungeon
 14969 | D:7      | Killed a cyan ugly thing
 14970 | D:7      | Reached XP level 11. HP: 49/67 MP: 21/21
 15483 | D:7      | Noticed Amplified's ghost (novice AtAE)
 15693 | D:9      | Found a one-way gate to the infinite horrors of the Abyss.
 15859 | D:9      | Found a runed translucent gate.
 15859 | D:9      | Found a runed translucent gate.
 15859 | D:9      | Found an opulent altar of Gozag.
 15859 | D:9      | Found a runed translucent gate.
 15860 | D:9      | Noticed Valeaz's ghost (journeyman GnAE)
 15861 | D:9      | Found Zoijein's Assorted Antiques.
 16342 | D:9      | Found a corrupted altar of Lugonu.
 16670 | D:10     | Reached skill level 7 in Long Blades
 16868 | D:10     | Noticed a two-headed ogre
 18387 | Lair:2   | Noticed a death yak
 18752 | Lair:2   | Learned a level 3 spell: Swiftness
 18830 | Lair:2   | Noticed a death yak
 18962 | Lair:2   | Found a staircase to the Shoals.
 19060 | Lair:2   | Reached skill level 1 in Shields
 19248 | Lair:2   | Noticed a death yak
 19588 | D:10     | Killed a two-headed ogre
 20258 | D:10     | Reached skill level 8 in Long Blades
 20774 | D:11     | Noticed a boulder beetle
 20784 | D:11     | Killed a boulder beetle
 21460 | D:10     | Found Jaumucw's Neck Hole.
 21842 | D:11     | Noticed a boulder beetle
 21871 | D:11     | Killed a boulder beetle
 21872 | D:11     | Reached XP level 12. HP: 75/75 MP: 19/22
 21905 | D:11     | Learned a level 3 spell: Frozen Ramparts
 22183 | D:11     | Reached skill level 1 in Ice Magic
 22443 | D:10     | Bought the amulet "Zam Ypte" {Reflect Rampage rElec rPois
                  | rF+ SH+5} for 662 gold pieces
 22480 | D:11     | Noticed a two-headed ogre
 22700 | D:11     | Killed a two-headed ogre
 22701 | D:11     | Reached skill level 9 in Long Blades
 22754 | D:11     | Noticed an ettin
 23539 | D:11     | Reached skill level 1 in Air Magic
 24198 | D:12     | Found a staircase to the Orcish Mines.
 25017 | D:12     | Learned a level 4 spell: Vhi's Electric Charge
 25023 | D:12     | Learned a level 5 spell: Arcjolt
 25240 | Orc:1    | Entered Level 1 of the Orcish Mines
 25249 | Orc:1    | Noticed Erica
 25453 | Orc:1    | Killed Erica
 25973 | Orc:2    | Entered Level 2 of the Orcish Mines
 25974 | Orc:2    | Noticed Saint Roka
 26025 | D:13     | Found Othere's Antique Weapon Boutique.
 26368 | D:12     | Found a runed translucent door.
 26369 | D:12     | Noticed Uvvog's ghost (journeyman GnNe)
 26376 | D:12     | Acquired 752 gold pieces
 28791 | Lair:3   | Learned a level 1 spell: Foxfire
 29024 | Lair:3   | Reached XP level 13. HP: 80/80 MP: 20/24
 30025 | Lair:4   | Reached skill level 10 in Long Blades
 31108 | Lair:4   | Reached skill level 5 in Air Magic
 31179 | Lair:4   | Reached skill level 5 in Shields
 31644 | Lair:4   | Reached skill level 10 in Fighting
 32368 | Lair:4   | Learned a level 3 spell: Call Canine Familiar
 32645 | Lair:4   | Found a staircase to the Slime Pits.
 32689 | Lair:4   | Found a viscous altar of Jiyva.
 32777 | Lair:5   | Entered Level 5 of the Lair of Beasts
 35333 | D:3      | Killed Natasha
 35420 | D:3      | Found a basalt altar of Yredelemnul.
 35423 | D:3      | Noticed Natasha
 35431 | D:3      | Killed Natasha
 35950 | D:7      | Killed Amplified's ghost
 35951 | D:7      | Reached XP level 14. HP: 82/88 MP: 16/28
 36044 | D:9      | Bought the ring of the Mage {Wiz Archmagi} for 765 gold
                  | pieces
 36044 | D:9      | Found the ring of the Mage {Wiz Archmagi}
 37285 | D:13     | You fall into a shaft and drop 2 floors!
 37285 | D:15     | Entered Level 15 of the Dungeon
 37404 | D:15     | Noticed Nessos
 37922 | D:15     | Found a transporter.
 37970 | D:14     | Reached skill level 11 in Long Blades
 38028 | D:14     | Found a gate to the Vaults.
 40140 | Lair:5   | Learned a level 4 spell: Airstrike
 45877 | D:9      | Killed Valeaz's ghost
 45878 | D:9      | Reached XP level 15. HP: 86/95 MP: 5/30
 45997 | D:9      | Bought a potion of curing for 84 gold pieces
 46255 | Lair:2   | Found a staircase to the Snake Pit.
 46409 | Snake:1  | Entered Level 1 of the Snake Pit
 46440 | Snake:1  | Identified the serpent talisman of the Harp {Str+2}
 46440 | Snake:1  | Noticed Aizul
 48670 | Snake:2  | Learned a level 5 spell: Freezing Cloud
 49972 | Snake:2  | Reached skill level 12 in Long Blades
 50109 | Snake:2  | Noticed a nagaraja
 50116 | Snake:2  | Killed a nagaraja
 50843 | Snake:2  | Noticed a nagaraja
 50849 | Snake:2  | Killed a nagaraja
 50999 | Snake:2  | Reached skill level 10 in Spellcasting
 51462 | Snake:3  | Noticed a nagaraja
 51469 | Snake:3  | HP: 3/96 [constriction (2)]
 51469 | Snake:3  | Shot with a bolt by a naga sharpshooter

Illustrated notes

Levels and vault maps discovered:
D:1:      dpeg_arrival_simpleton_c, layout_loops_cross, kennysheep_minor_cross,
          st_stairs_7
D:2:      layout_rooms, nicolae_ecumenical_snake_handling
D:3:      layout_basic, amcnicky_altar_gilded, uniq_natasha
D:4:      layout_basic, grunt_gozag_breadcrumbs
D:5:      layout_loops_ring, regret_index_temple_of_mockery, okawaru_trees_2,
          nicolae_qazlal_general_emergency, mainiacjoe_overflow_boulevard,
          temple_pool_b, uniq_grinder
D:6:      layout_layer_cave
D:7:      layout_basic, ebering_ghost_reflecting_pool, nicolae_water_bricks
D:8:      layout_rooms, nicolae_sif_muna_little_library,
          nicolae_ru_great_annihilating_truth, due_lair_maze_entry_diamond
D:9:      layout_rooms, ebering_ghost_gozag, minmay_crystal_room,
          amcnicky_altar_lugonu_corruption
D:10:     layout_loops_ring, serial_bayou_pond_a,
          nicolae_shop_sticking_my_neck_out
D:11:     wad_pebble_path, layout_rooms, special_room [special_room_orc],
          wad_dig_loot
D:12:     layout_irregular_city, orc_0_dummy, gammafunk_ghost_grave
D:13:     layout_irregular_city, serial_shops, nicolae_shop_dealshenge
D:14:     layout_stronghold, lightli_vaults_fourway_checkpoint,
          nicolae_lava_and_water
D:15:     gammafunk_enter_depths_forms, layout_cave_pools, nzn_ghost_randoct,
          serial_column_ruins, column_ruins_columns_dead_end,
          column_ruins_grid_1, column_ruins_grid_1,
          column_ruins_columns_dead_end, column_ruins_open_tiny,
          minmay_misc_feat_nine_boxes, special_room [special_room_orc],
          lemuel_nasty_fountain, uniq_nessos, uniq_azrael
Lair:1:   layout_roguey
Lair:2:   layout_regular_city, minmay_shoals_entry_beasts,
          alex1729_snake_entry_snake
Lair:3:   layout_roguey, grunt_megastairs_4
Lair:4:   layout_regular_city, minmay_slime_entry_oklob_open,
          cheibrodos_lair_lostbears, grunt_megastairs_3, lemuel_fruit_tree,
          serial_bayou_shore_b
Lair:5:   hangedman_lair_caniforms_friends, layout_layer_cave,
          hangedman_lair_in_review, infiniplex_staircase_pool,
          lemuel_fruit_fields, serial_bayou_shore_a
Snake:1:  layout_basic, grunt_megastairs_2, uniq_aizul
Snake:2:  layout_concentric_octagons
Snake:3:  layout_onion, evilmike_ambush [evilmike_ambush_outer_corners,
          evilmike_ambush_inner_pond], uniq_roxanne
Orc:1:    layout_caves, gammafunk_ghost_wrathful_warriors, mines2_david,
          uniq_erica
Orc:2:    grunt_orc_cross, layout_caves, basic_altar, nicolae_shop_self_help,
          uniq_saint_roka

Skill      XL: |  1  2  3  4  5  6  7  8  9 10 11 12 13 14 15 |
---------------+----------------------------------------------+-----
Stealth        | 1 2 3 |  3.1
Dodging        | 4 5 6 7 8 9 |  9.0
Fighting       | 2 3 4 5 7 8 9 10 11 | 11.7
Evocations     | 1 |  1.5
Throwing       | 3 |  3.1
Armour         | 1 2 4 |  4.5
Short Blades   | 4 |  4.6
Spellcasting   | 3 4 5 6 8 9 10 | 10.0
Conjurations   | 1 2 3 4 5 6 7 8 |  8.9
Summonings     | 1 2 3 4 5 |  5.3
Long Blades    | 3 4 6 8 9 10 11 12 | 12.2
Translocations | 1 3 4 |  4.7
Shields        | 2 4 6 7 8 |  8.2
Ice Magic      | 1 |  1.9
Air Magic      | 4 6 8 9 |  9.2

Action                     |  1- 3 |  4- 6 |  7- 9 | 10-12 | 13-15 || total
---------------------------+-------+-------+-------+-------+-------++-------
  Melee: Rapier            |   104 |   227 |    57 |       |       ||   388
         Punch             |       |     3 |     3 |     4 |       ||    10
         Scimitar          |       |       |   147 |   667 |   684 ||  1498
   Fire: Sling             |       |    25 |       |       |       ||    25
  Throw: Javelin           |     6 |     2 |       |    21 |     6 ||    35
         Throwing net      |     7 |     3 |       |       |       ||    10
         Boomerang         |       |     6 |    34 |    20 |       ||    60
         Dart              |       |       |       |    56 |     4 ||    60
   Cast: Call Imp          |       |     8 |    63 |   139 |    64 ||   274
         Magic Dart        |       |       |    50 |   113 |     1 ||   164
         Blink             |       |       |       |     1 |       ||     1
         Foxfire           |       |       |       |    12 |   123 ||   135
         Call Canine Famil |       |       |       |       |    98 ||    98
         Airstrike         |       |       |       |       |   207 ||   207
         Arcjolt           |       |       |       |       |    34 ||    34
         Vhi's Electric Ch |       |       |       |       |     3 ||     3
         Frozen Ramparts   |       |       |       |       |     1 ||     1
         Freezing Cloud    |       |       |       |       |    29 ||    29
 Invoke: Call Merchant     |       |       |     2 |       |     1 ||     3
         Potion Petition   |       |       |       |     3 |     7 ||    10
  Evoke: Wand              |       |     4 |    15 |     8 |     2 ||    29
    Use: Potion            |       |     3 |     4 |    11 |     9 ||    27
         Scroll            |       |     3 |     6 |    10 |    12 ||    31
   Stab: Sleeping          |     3 |     2 |       |     2 |       ||     7
         Held in net/web   |     1 |       |       |       |       ||     1
         Betrayed ally     |       |       |     1 |       |       ||     1
         Distracted        |       |       |     2 |    10 |     7 ||    19
         Paralysed         |       |       |     1 |       |       ||     1
         Invisible         |       |       |       |       |     2 ||     2
 Armour: Leather armour    |    40 |   124 |   140 |   383 |   498 ||  1185
         Skin              |       |    11 |       |    17 |       ||    28
  Dodge: Dodged            |    68 |   148 |   187 |   348 |   390 ||  1141
  Block: Kite shield       |       |       |       |   293 |   714 ||  1007
         Reflection        |       |       |       |    10 |    20 ||    30
